 Dungeon Crawl Stone Soup version 0.30.0-10-gfe55d96785 (webtiles) character file.

Game seed: 1869443445545006790

61 Twinkles the Trooper (level 4, -1/40 HPs)
             Began as a Hill Orc Fighter on May 15, 2023.
             Succumbed to Terence's poison
             ... on level 2 of the Dungeon.
             The game lasted 00:01:40 (1108 turns).

Twinkles the Trooper (Hill Orc Fighter)             Turns: 1108, Time: 00:01:41

Health: -1/40      AC:  7    Str: 20    XL:     4   Next: 7%
Magic:  4/4        EV:  9    Int:  8    God:
Gold:   66         SH:  4    Dex: 10    Spells: 3/3 levels left

rFire   . . .        d - +2 dagger (elec)
rCold   . . .        c - +0 buckler
rNeg    . . .        b - +0 scale mail
rPois   .            (no helmet)
rElec   .            (no cloak)
rCorr   .            (no gloves)
SInv    .            (no boots)
Will    .....        (no amulet) Stlth
                     (no ring)
HPRegen 0.26/turn    (no ring)
MPRegen 0.09/turn

%: no passive effects
@: mighty, lethally poisoned (-1 -> -7)
A: no striking features
a: no special abilities


You were on level 2 of the Dungeon.
You visited 1 branch of the dungeon, and saw 2 of its levels.

You collected 66 gold pieces.

Inventory:

Hand Weapons
 a - a +0 war axe
 d - a +2 dagger of electrocution (weapon)
Missiles
 h - 5 poisoned darts (quivered)
Armour
 b - a +0 scale mail (worn)
 c - a +0 buckler (worn)
Jewellery
 g - a ring of protection from fire
Scrolls
 e - a scroll of poison {unknown}
 f - a scroll of vulnerability {unknown}
 i - a scroll of teleportation {unknown}
Potions
 M - a potion of might


   Skills:
 + Level 4.2 Fighting
 * Level 4.0 Axes
 + Level 3.8 Armour
 - Level 3.6 Shields


You had 3 spell levels left.
You didn't know any spells.
Your spell library contained the following spells:

 Spells                   Type           Power      Damage    Failure   Level
 Leda's Liquefaction      Hex/Erth       0%         N/A       100%        4
 Lee's Rapid Deconstruct  Erth           0%         3d4*      100%        5
 Statue Form              Tmut/Erth      0%         N/A       100%        6


Dungeon Overview and Level Annotations

Branches:
Dungeon (2/15) Zot: 10888

Altars:


Message History

You closely miss Terence.
Terence is lightly wounded.
You feel sick. Terence closely misses you.
You hit Terence but do no damage.
Terence is lightly wounded.
You feel sick.
Terence hits you with a +1 trident of venom!
You feel better. Terence closely misses you.
You feel very mighty all of a sudden.
Terence hits you with a +1 trident of venom.
You are poisoned.
You puncture Terence!
Terence is severely wounded.
You feel very sick.
Terence hits you with a +1 trident of venom.
You are lethally poisoned!
You hit Terence.
Terence is almost dead.
* * * LOW HITPOINT WARNING * * *
You feel very sick. You block Terence's attack.
You puncture Terence!
You kill Terence!
* * * LOW HITPOINT WARNING * * *
You feel very sick.
Your Axes skill increases to level 4!
You have reached level 4!
You completely miss the goblin.
* * * LOW HITPOINT WARNING * * *
You feel very sick. The goblin closely misses you.
Okay, then.
Unknown command.
Okay, then.
Unknown command.
You puncture the goblin! Lightning courses through the goblin!
You kill the goblin!
* * * LOW HITPOINT WARNING * * *
You feel sick.
You die...

#.#.# .# #.#.# . #.#.#
#.#.# #.#.# ### #.#.# #.##
#.#.#.#.# #.)## ###.# ####
#.#.#.#.###.#)#......
#...##.#.#.#...@.#...r..@g
#...##.#.#.#.....#.#......
#...##.#.#.#..)..#.##..#.#
#...##.#.#.#.###.#.? #.#.#
##...##.#.#.#.# #.######..#
............#.###..##..#..#
........#.###.#.....##.#..#
##...#..#.# #.##.###.#.#..#
#...#..#.# #.#........#..#


There were no monsters in sight!

Vanquished Creatures
  Terence (D:2)
  An adder (D:2)
  3 endoplasms
  2 giant cockroaches
  4 goblins
  A hobgoblin (D:1)
  4 kobolds
  A quokka (D:2)
  5 bats (D:1)
  A frilled lizard (D:1)
  3 rats
26 creatures vanquished.

Notes
Turn   | Place    | Note
-------+----------+-------------------------------------------
     0 | D:1      | Twinkles the Hill Orc Fighter began the quest for the Orb.
     0 | D:1      | Reached XP level 1. HP: 19/19 MP: 1/1
   120 | D:1      | Reached XP level 2. HP: 27/27 MP: 2/2
   782 | D:2      | Identified the +3 ring mail "Rityff" {rN+ rCorr}
   990 | D:2      | Reached XP level 3. HP: 30/33 MP: 3/3
  1084 | D:2      | Noticed Terence
  1100 | D:2      | HP: 10/33 [Terence/+1 trident of venom (8)]
  1105 | D:2      | Killed Terence
  1105 | D:2      | HP: 5/33 [poisoned by Terence]
  1106 | D:2      | Reached XP level 4. HP: 6/40 MP: 4/4
  1107 | D:2      | HP: 1/40 [poisoned by Terence]
  1108 | D:2      | Succumbed to Terence's poison

Illustrated notes

Levels and vault maps discovered:
D:1:      scummos_arrival_checkerplants, layout_loops_corners
D:2:      layout_basic, shapermc_ecumenical_altar_mp_highgroup, minmay_cut_off,
          uniq_terence

Skill      XL: |  1  2  3 |
---------------+----------+-----
Axes           | 3 4 |  4.0
Fighting       | 4 |  4.2
Armour         | |  3.8
Shields        | |  3.6

Action                     |  1- 3 |  4- 6 || total
---------------------------+-------+-------++-------
  Melee: Dagger            |    90 |     2 ||    92
         War axe           |     1 |       ||     1
    Use: Potion            |     3 |       ||     3
 Armour: Scale mail        |    34 |       ||    34
  Dodge: Dodged            |    37 |     1 ||    38
  Block: Buckler           |    18 |       ||    18
